AoeStats
← Антон Романович

Arena

510123873Analyzed
1v1 RM · 2d ago on Sep 29, 2026· 81m 47s· 2 players
Game mode
Random Map
Map size
Tiny (2 player)
Population
200
Speed
Normal
Resources
Standard
Victory
Conquest
Starting age
Dark Age
Ending age
Imperial Age
RankedLock teamsTeams togetherTeam positionsShared explorationLock speedFull tech treeHidden civsTurbo modeCheats
Victory
Defeat
722
+15
🇫🇷 Persians · France
704
-15
ACHRAF
9:18 Feudal Age
10:30 Wheelbarrow
9:44 Double-Bit Axe
9:41 Horse Collar
19:26 Castle Age
20:15 Hand Cart
21:13 Bow Saw
21:10 Gold Mining
22:56 Heavy Plow
25:37 Gold Shaft Mining
26:09 Stone Mining
26:51 Loom
28:18 Stone Shaft Mining
33:14 Imperial Age
32:14 Fletching
32:51 Ballistics
32:29 Murder Holes
33:17 Pikeman
33:58 Squires
33:41 Crossbowman
34:27 Thumb Ring
33:44 Elite Skirmisher
35:31 Two-Man Saw
35:06 Crop Rotation
35:22 Guilds
35:09 Bodkin Arrow
35:25 Forging
35:15 Padded Archer Armor
35:31 Masonry
36:33 Chemistry
36:10 Husbandry
36:20 Bloodlines
35:31 Cavalier
36:45 Kamandaran
37:08 Conscription
40:05 Leather Archer Armor
40:28 Iron Casting
41:53 Ring Archer Armor
41:04 Elite War Elephant
47:33 Scale Barding Armor
48:43 Blast Furnace
52:35 Chain Barding Armor
57:04 Plate Barding Armor
56:32 Scale Mail Armor
68:24 Light Cavalry
70:37 Hussar
75:36 Chain Mail Armor
77:41 Architecture
Антон Романович
9:32 Feudal Age
19:10 Castle Age
17:12 Horse Collar
17:43 Double-Bit Axe
18:07 Stone Mining
18:36 Loom
19:41 Forging
19:31 Scale Mail Armor
21:35 Fervor
23:20 Wheelbarrow
22:31 Town Watch
24:18 Iron Casting
24:21 Herbal Medicine
28:02 Stronghold
30:35 Hand Cart
30:41 Chain Mail Armor
32:16 Sanctity
34:30 Imperial Age
32:04 Gold Mining
32:53 Stone Shaft Mining
32:20 Fletching
32:56 Padded Archer Armor
33:58 Heavy Plow
34:14 Bow Saw
34:48 Gold Shaft Mining
35:30 Town Patrol
35:52 Conscription
39:28 Blast Furnace
38:34 Scale Barding Armor
39:00 Plate Mail Armor
38:28 Bodkin Arrow
38:48 Leather Archer Armor
38:17 Elite Woad Raider
40:58 Chemistry
40:19 Ballistics
39:55 Murder Holes
40:21 Scale Barding Armor
41:12 Hoardings
41:59 Furor Celtica
43:40 Ring Archer Armor
45:18 Chain Barding Armor
45:19 Masonry
49:34 Elite Skirmisher
49:39 Heavy Mounted Crossbowman
50:39 Heavy Mounted Crossbowman
58:17 Sappers
68:37 Siege Engineers
68:45 Fortified Wall
71:56 Pikeman
72:22 Gambesons
73:13 Arson
76:35 Halberdier
78:57 Sappers
Connection lost

Rejoining the realm…

Still unreachable

The connection could not be restored.

Session expired

The server has moved on; the page needs a fresh start.